 Dungeon Crawl Stone Soup version 0.30-a0-879-ga8ba668304 (webtiles) character file.

Game seed: 17416108134387287658

63 Maxmaps the Shooter (level 4, 0/34 HPs)
             Began as a Formicid Hunter on Mar 13, 2023.
             Succumbed to an adder's poison
             ... on level 2 of the Dungeon.
             The game lasted 00:01:22 (791 turns).

Maxmaps the Shooter (Formicid Hunter)                Turns: 791, Time: 00:01:23

Health: 0/34       AC:  3    Str: 16    XL:     4   Next: 30%
Magic:  4/4        EV: 12    Int: 10    God:
Gold:   78         SH:  0    Dex: 17    Spells: 3/3 levels left

rFire   . . .      SeeInvis +    a - +0 shortbow
rCold   . . .      Faith    .    (no shield)
rNeg    . . .      Spirit   .    c - +0 leather armour
rPois   .          Reflect  .    (helmet unavailable)
rElec   .          Rampage  .    (no cloak)
rCorr   .                        (no gloves)
Will    .....                    (no boots)
Stlth   ++                       (no amulet)
HPRegen 0.25/turn                (no ring)
MPRegen 0.09/turn                (no ring)

@: lethally poisoned (0 -> -4)
A: permanent stasis, dig shafts and tunnels, antennae 3, four strong arms
a: Dig, Shaft Self


You were on level 2 of the Dungeon.
You visited 1 branch of the dungeon, and saw 2 of its levels.

You collected 78 gold pieces.

Inventory:

Hand Weapons
 a - a +0 shortbow (weapon)
Armour
 c - a +0 leather armour (worn)
Scrolls
 b - a scroll of immolation
 d - 3 scrolls of teleportation {unknown}
 e - a scroll of identify {unknown}
 i - a scroll of blinking {unknown}
 j - a scroll of fog {unknown}
Potions
 f - a potion of might {unknown}
 g - a potion of brilliance {unknown}
 h - a potion of magic {unknown}


   Skills:
 - Level 2.4 Fighting
 + Level 5.2 Ranged Weapons
 - Level 0.1 Armour
 - Level 2.1 Dodging
 - Level 1.2 Stealth


You had 3 spell levels left.
You didn't know any spells.
Your spell library was empty.

Dungeon Overview and Level Annotations

Branches:
Dungeon (2/15)

Altars:


Innate Abilities, Weirdness & Mutations

You cannot be hasted, slowed, berserked, paralysed or teleported.
You can dig through walls and to a lower floor.
You have a pair of large antennae on your head. (SInv)
Your four strong arms can wield two-handed weapons with a shield.


Message History

Press: ? - help, Shift-Dir - straight line, f/p - adder
Aim: an adder (46% to hit)
You shoot an arrow.
The arrow hits the adder but does no damage.
You feel sick. The adder barely misses you.
The endoplasm jiggles.
Fire: a) +0 shortbow
Press: ? - help, Shift-Dir - straight line, f/p - adder
Aim: an adder (46% to hit)
You shoot an arrow. The arrow closely misses the adder.
The arrow barely misses the endoplasm.
You feel sick. The adder closely misses you. The orc closely misses you.
The adder bites you.
* * * LOW HITPOINT WARNING * * *
You are lethally poisoned!
The adder poisons you!
Fire: a) +0 shortbow
Press: ? - help, Shift-Dir - straight line, f/p - adder
Aim: an adder (46% to hit)
You shoot an arrow. The arrow hits the adder!
The adder is severely wounded.
* * * LOW HITPOINT WARNING * * *
You feel very sick. The orc hits you but does no damage. The adder misses you.
The adder closely misses you. The orc closely misses you.
Fire: a) +0 shortbow
Press: ? - help, Shift-Dir - straight line, f/p - adder
Aim: an adder (severely wounded, 46% to hit)
You shoot an arrow. The arrow hits the adder.
The adder is severely wounded.
* * * LOW HITPOINT WARNING * * *
You feel sick. The adder bites you but does no damage. The quokka bites you.
* * * LOW HITPOINT WARNING * * *
The orc completely misses you. The orc hits you with a +0 club.
* * * LOW HITPOINT WARNING * * *
Fire: a) +0 shortbow
Press: ? - help, Shift-Dir - straight line, f/p - adder
Aim: an adder (severely wounded, 46% to hit)
You shoot an arrow. The arrow hits the adder!
You kill the adder!
You die...

......####........ ...
....#.#.....)..# ....#
........##..##..##..)..#
....#..##..### ....#.#
............†# ##......#
...#.........###........
..#.<.#.#...............
....†..........#oo......
.......##.....J†@r......
.......##....###........
#########....# #........
........ #........
......). .........
.$...... ..#######
....... ..# ..[.... ...#


You could see 2 orcs, an endoplasm and a quokka.

Vanquished Creatures
  An orc priest (D:2)
  An adder (D:2)
  A ball python (D:1)
  4 bats
  5 endoplasms
  2 hobgoblins (D:1)
  6 jackals (D:1)
  A quokka (D:2)
  A frilled lizard (D:1)
  4 goblins (D:1)
  A kobold (D:1)
  3 rats (D:1)
30 creatures vanquished.

Notes
Turn   | Place    | Note
-------+----------+-------------------------------------------
     0 | D:1      | Maxmaps the Formicid Hunter began the quest for the Orb.
     0 | D:1      | Reached XP level 1. HP: 16/16 MP: 1/1
   185 | D:1      | Reached XP level 2. HP: 19/22 MP: 2/2
   316 | D:1      | Reached XP level 3. HP: 28/28 MP: 3/3
   777 | D:2      | Reached skill level 5 in Ranged Weapons
   777 | D:2      | Reached XP level 4. HP: 34/34 MP: 4/4
   790 | D:2      | HP: 1/34 [orc/+0 club (1)]
   791 | D:2      | Succumbed to an adder's poison

Illustrated notes

Levels and vault maps discovered:
D:1:      tarquinn_simple_flora_water_d, layout_loops_ring
D:2:      layout_rooms

Skill      XL: |  1  2  3 |
---------------+----------+-----
Dodging        | 2 |  2.1
Ranged Weapons | 5 |  5.2
Fighting       | |  2.4
Armour         | |  0.1
Stealth        | |  1.2

Action                     |  1- 3 |  4- 6 || total
---------------------------+-------+-------++-------
   Fire: Shortbow          |    67 |    12 ||    79
Ability: Dig               |       |     4 ||     4
 Armour: Leather armour    |     8 |     3 ||    11
  Dodge: Dodged            |    18 |    11 ||    29

Table legend: (Time is in decaauts)
 A = Elapsed time spent in this place.
 B = Non-inter-level travel time spent in this place.
 C = Inter-level travel time spent in this place.
 D = Time resting spent in this place.
 E = Time spent auto-exploring this place.
 F = Levels seen in this place.
 G = Mean time per level.
                   A        B        C        D        E       F      G
               +--------+--------+--------+--------+--------+-----+--------+
         Total |    814 |    788 |     26 |      0 |    633 |   2 |  407.0 |
       Dungeon |    814 |    788 |     26 |      0 |    633 |   2 |  407.0 |
               +--------+--------+--------+--------+--------+-----+--------+

Top non-repeatable levels by time:
     D:1: 763 daAuts
     D:2: 50 daAuts
